General information
			
			
        
        - name: BNet
 
        - type: Ladder team game (AT/RT)
 
        - host: Battle.net
 
        - saver: Dexanth
 
        
map: Friends 
        - players: 8
 
        - length: 95:15
 
        - speed: Fast
 - version: 1.22 W3XP
 - replay type:  Public
 
» download(870 KB)
Players
        team 1 (winner) 
              
              
Dexanth (
teal | 82 APM | 7837 actions | 95:15)
              
 10 Death Knight 
 3 Death Coil
 3 Unholy Aura
 3 Death Pact
 1 Animate Dead
 10 Lich 
 3 Frost Nova
 3 Frost Armor
 1 Death and Decay
 3 Dark Ritual
 10 Dreadlord 
 3 Carrion Swarm
 3 Vampiric Aura
 1 Inferno
 3 Sleep
 
                » actions 
                
                | Assign group hotkey | 100 |  | 
| Basic commands | 36 |  | 
| Build / train | 142 |  | 
| Enter build submenu | 27 |  | 
| Enter hero's abilities submenu | 31 |  | 
| Give item / drop item | 8 |  | 
| Remove unit from queue | 3 |  | 
| Right click | 3623 |  | 
| Select / deselect | 1142 |  | 
| Select group hotkey | 2250 |  | 
| Use ability | 472 |  | 
                7837 total
 » units 
                
                | Acolyte | 13 |  | 
| Ghoul | 6 |  | 
| Obsidian Statue | 9 |  | 
| Frost Wyrm | 17 |  | 
| Goblin Zeppelin | 1 |  | 
| Meatwagon | 1 |  | 
| Goblin Sapper | 3 |  | 
                50 total
 » upgrades
                
                | Creature Attack | 3 |  | 
| Creature Carapace | 3 |  | 
| Unholy Strength | 2 |  | 
| Destroyer Form | 1 |  | 
| Disease Cloud | 1 |  | 
| Freezing Breath | 1 |  | 
| Unholy Armor | 0 |  | 
                11 total
 » buildings
                
                | Crypt | 2 |  | 
| Altar of Darkness | 4 |  | 
| Ziggurat | 12 |  | 
| Tomb of Relics | 2 |  | 
| Nerubian Tower | 3 |  | 
| Graveyard | 1 |  | 
| Halls of the Dead | 1 |  | 
| Spirit Tower | 3 |  | 
| Black Citadel | 2 |  | 
| Slaughterhouse | 1 |  | 
| Sacrificial Pit | 1 |  | 
| Boneyard | 1 |  | 
                33 total
 » build order
                00:06 Crypt
00:09 Altar of Darkness
00:26 Ziggurat
00:50 Tomb of Relics
01:26 Nerubian Tower
02:36 Ziggurat
03:09 Graveyard
04:09 Halls of the Dead
04:31 Ziggurat
04:46 Spirit Tower
05:27 Spirit Tower
06:09 Ziggurat
06:42 Black Citadel
06:43 Black Citadel
07:05 Nerubian Tower
08:35 Slaughterhouse
08:36 Sacrificial Pit
12:02 Boneyard
12:30 Tomb of Relics
14:13 Ziggurat
15:31 Crypt
17:32 Ziggurat
17:33 Ziggurat
19:00 Spirit Tower
25:16 Altar of Darkness
44:44 Ziggurat
44:45 Ziggurat
44:46 Ziggurat
44:46 Ziggurat
44:47 Ziggurat
60:15 Altar of Darkness
60:25 Altar of Darkness
» items
                
                | Rod of Necromancy | 2 |  | 
| Scroll of Town Portal | 13 |  | 
| Orb of Corruption | 4 |  | 
| Inferno Stone | 3 |  | 
| Ankh of Reincarnation | 3 |  | 
| Staff of Sanctuary | 3 |  | 
| Orb of Lightning | 1 |  | 
| Robe of the Magi +6 | 2 |  | 
| Belt of Giant Strength +6 | 2 |  | 
| Runed Bracers | 2 |  | 
                35 total
  
               
              
              
GOKUMaN69 (
yellow | 39 APM | 3678 actions | 95:14)
              
 9 Archmage 
 3 Blizzard
 3 Brilliance Aura
 1 Mass Teleport
 2 Summon Water Elemental
 9 Paladin 
 3 Holy Light
 3 Divine Shield
 3 Devotion Aura
 
                » actions 
                
                | Assign group hotkey | 25 |  | 
| Basic commands | 3 |  | 
| Build / train | 237 |  | 
| Enter build submenu | 147 |  | 
| Enter hero's abilities submenu | 18 |  | 
| Remove unit from queue | 6 |  | 
| Right click | 1397 |  | 
| Select / deselect | 1309 |  | 
| Select group hotkey | 53 |  | 
| Use ability | 483 |  | 
                3678 total
 » units 
                
                | Peasant | 28 |  | 
| Priest | 1 |  | 
| Gryphon Rider | 29 |  | 
| Dragonhawk Rider | 13 |  | 
| Goblin Zeppelin | 2 |  | 
                73 total
 » upgrades
                
                | Masonry | 4 |  | 
| Lumber Harvesting | 2 |  | 
| Magic Sentry | 1 |  | 
| Priest Training | 1 |  | 
| Storm Hammers | 1 |  | 
| Animal War Training | 1 |  | 
| Swords | 3 |  | 
| Armor | 3 |  | 
| Cloud | 1 |  | 
                17 total
 » buildings
                
                | Altar of Kings | 1 |  | 
| Farm | 16 |  | 
| Lumber Mill | 1 |  | 
| Scout Tower | 191 |  | 
| Arcane Tower | 16 |  | 
| Guard Tower | 70 |  | 
| Keep | 1 |  | 
| Arcane Sanctum | 1 |  | 
| Castle | 3 |  | 
| Gryphon Aviary | 4 |  | 
| Barracks | 1 |  | 
| Blacksmith | 1 |  | 
| Town Hall | 4 |  | 
| Arcane Vault | 2 |  | 
                312 total
 » build order
                00:07 Altar of Kings
00:26 Farm
00:54 Lumber Mill
01:14 Scout Tower
01:18 Scout Tower
01:47 Arcane Tower
01:51 Scout Tower
01:59 Scout Tower
02:19 Arcane Tower
02:19 Arcane Tower
02:28 Arcane Tower
03:08 Scout Tower
03:14 Arcane Tower
03:39 Guard Tower
03:42 Scout Tower
03:44 Scout Tower
03:46 Scout Tower
03:52 Farm
03:55 Scout Tower
03:57 Scout Tower
04:16 Scout Tower
04:18 Guard Tower
04:22 Scout Tower
04:47 Guard Tower
04:47 Guard Tower
04:55 Farm
04:57 Guard Tower
04:59 Guard Tower
05:04 Scout Tower
05:15 Scout Tower
05:17 Scout Tower
05:18 Scout Tower
05:20 Guard Tower
05:22 Scout Tower
05:22 Scout Tower
05:23 Guard Tower
05:25 Scout Tower
05:40 Guard Tower
05:43 Scout Tower
05:46 Scout Tower
05:47 Scout Tower
05:49 Guard Tower
05:50 Scout Tower
05:54 Guard Tower
06:09 Guard Tower
06:11 Scout Tower
06:19 Guard Tower
06:27 Scout Tower
06:28 Guard Tower
06:30 Scout Tower
06:31 Guard Tower
06:43 Scout Tower
06:44 Guard Tower
06:47 Scout Tower
06:50 Guard Tower
06:52 Scout Tower
06:57 Scout Tower
06:59 Guard Tower
07:06 Guard Tower
07:43 Guard Tower
07:56 Guard Tower
07:58 Keep
08:00 Scout Tower
08:00 Scout Tower
08:01 Scout Tower
08:04 Guard Tower
08:05 Scout Tower
08:06 Scout Tower
08:07 Scout Tower
08:09 Guard Tower
08:11 Scout Tower
08:12 Scout Tower
08:12 Scout Tower
08:13 Scout Tower
08:20 Guard Tower
08:38 Guard Tower
08:41 Guard Tower
08:43 Guard Tower
08:46 Guard Tower
08:51 Scout Tower
08:52 Scout Tower
08:53 Scout Tower
09:06 Scout Tower
09:08 Scout Tower
09:09 Scout Tower
09:10 Scout Tower
09:11 Scout Tower
09:26 Guard Tower
09:28 Scout Tower
09:29 Scout Tower
09:31 Scout Tower
09:33 Guard Tower
09:36 Scout Tower
09:37 Scout Tower
09:40 Scout Tower
09:52 Farm
09:56 Guard Tower
10:05 Guard Tower
10:31 Guard Tower
10:36 Scout Tower
10:38 Scout Tower
10:39 Scout Tower
10:41 Scout Tower
10:44 Guard Tower
10:55 Guard Tower
11:00 Guard Tower
11:02 Guard Tower
11:02 Guard Tower
11:03 Guard Tower
11:04 Guard Tower
11:05 Guard Tower
11:38 Guard Tower
11:50 Guard Tower
11:53 Scout Tower
11:54 Scout Tower
12:00 Guard Tower
12:01 Guard Tower
12:21 Arcane Sanctum
12:35 Scout Tower
12:36 Scout Tower
12:37 Scout Tower
12:37 Scout Tower
12:42 Scout Tower
12:43 Scout Tower
12:52 Guard Tower
12:57 Arcane Tower
12:58 Arcane Tower
12:58 Arcane Tower
13:18 Arcane Tower
13:20 Scout Tower
13:22 Scout Tower
14:02 Scout Tower
14:03 Scout Tower
14:05 Scout Tower
14:05 Scout Tower
14:20 Arcane Tower
14:21 Scout Tower
14:22 Scout Tower
14:24 Scout Tower
14:24 Scout Tower
14:56 Scout Tower
14:57 Scout Tower
15:13 Castle
15:13 Castle
15:13 Castle
16:17 Gryphon Aviary
16:18 Gryphon Aviary
16:20 Guard Tower
16:21 Scout Tower
16:45 Scout Tower
16:46 Guard Tower
16:51 Scout Tower
17:30 Guard Tower
17:57 Barracks
18:01 Arcane Tower
18:04 Blacksmith
18:38 Scout Tower
18:40 Scout Tower
18:40 Scout Tower
18:41 Scout Tower
18:42 Scout Tower
18:43 Scout Tower
18:43 Scout Tower
18:45 Scout Tower
18:46 Scout Tower
18:47 Scout Tower
18:48 Scout Tower
18:49 Scout Tower
18:50 Scout Tower
18:50 Scout Tower
18:52 Scout Tower
18:56 Farm
18:57 Farm
18:59 Farm
19:38 Town Hall
19:42 Scout Tower
21:37 Guard Tower
21:49 Guard Tower
21:53 Scout Tower
21:55 Scout Tower
22:56 Farm
23:00 Arcane Tower
23:01 Arcane Tower
23:38 Arcane Vault
23:40 Guard Tower
23:56 Scout Tower
23:57 Scout Tower
24:40 Arcane Vault
24:52 Scout Tower
24:53 Scout Tower
25:25 Guard Tower
26:52 Guard Tower
28:19 Farm
28:20 Farm
28:22 Scout Tower
28:23 Scout Tower
28:47 Scout Tower
28:48 Scout Tower
28:49 Scout Tower
29:12 Scout Tower
29:13 Scout Tower
29:19 Scout Tower
29:20 Scout Tower
29:41 Scout Tower
29:42 Scout Tower
30:11 Scout Tower
30:12 Scout Tower
30:18 Guard Tower
30:20 Scout Tower
30:21 Scout Tower
30:22 Scout Tower
30:22 Scout Tower
30:23 Scout Tower
30:24 Scout Tower
31:35 Guard Tower
31:49 Scout Tower
31:50 Scout Tower
31:50 Scout Tower
31:51 Scout Tower
33:13 Arcane Tower
33:17 Guard Tower
35:05 Scout Tower
35:07 Scout Tower
35:09 Scout Tower
35:11 Scout Tower
35:12 Scout Tower
35:13 Scout Tower
35:14 Scout Tower
35:16 Scout Tower
36:56 Guard Tower
36:58 Scout Tower
36:59 Scout Tower
40:57 Scout Tower
40:58 Scout Tower
40:59 Scout Tower
40:59 Scout Tower
41:00 Scout Tower
41:01 Scout Tower
43:35 Guard Tower
47:38 Scout Tower
47:40 Scout Tower
47:40 Scout Tower
47:41 Scout Tower
51:00 Guard Tower
51:00 Scout Tower
51:02 Scout Tower
51:03 Scout Tower
51:03 Scout Tower
52:43 Scout Tower
52:44 Scout Tower
52:45 Scout Tower
52:46 Guard Tower
53:15 Guard Tower
53:26 Scout Tower
53:27 Scout Tower
53:28 Scout Tower
54:47 Scout Tower
54:47 Guard Tower
54:50 Scout Tower
54:51 Scout Tower
56:04 Scout Tower
56:05 Guard Tower
56:06 Scout Tower
56:06 Scout Tower
56:06 Scout Tower
56:51 Scout Tower
56:52 Scout Tower
56:54 Scout Tower
56:55 Scout Tower
56:55 Scout Tower
56:56 Scout Tower
56:56 Scout Tower
56:57 Scout Tower
56:58 Scout Tower
56:58 Scout Tower
56:59 Scout Tower
57:00 Scout Tower
57:01 Scout Tower
57:44 Guard Tower
57:45 Scout Tower
57:45 Scout Tower
57:46 Scout Tower
58:24 Guard Tower
59:07 Guard Tower
66:09 Scout Tower
66:10 Guard Tower
69:08 Scout Tower
69:09 Scout Tower
69:09 Scout Tower
69:44 Arcane Tower
74:29 Scout Tower
74:30 Scout Tower
74:30 Scout Tower
74:31 Scout Tower
74:31 Scout Tower
74:32 Scout Tower
74:32 Scout Tower
74:33 Scout Tower
75:16 Guard Tower
75:20 Town Hall
75:57 Guard Tower
76:55 Town Hall
84:47 Farm
84:50 Farm
84:51 Farm
84:52 Farm
84:54 Farm
84:56 Farm
85:03 Gryphon Aviary
85:28 Gryphon Aviary
90:02 Town Hall
» items
                
                | Healing Salve | 7 |  | 
| Orb of Lightning | 1 |  | 
| Scroll of Town Portal | 5 |  | 
| Scroll of Speed | 1 |  | 
| Scroll of Regeneration | 4 |  | 
| Potion of Healing | 1 |  | 
| Staff of Sanctuary | 2 |  | 
| Ivory Tower | 5 |  | 
                26 total
  
               
              
              
MRPOPO-WNED (
red | 54 APM | 5188 actions | 95:14)
              
 6 Archmage 
 3 Blizzard
 2 Brilliance Aura
 1 Mass Teleport
 7 Mountain King 
 3 Storm Bolt
 3 Bash
 1 Avatar
 7 Paladin 
 3 Holy Light
 3 Divine Shield
 1 Devotion Aura
 
                » actions 
                
                | Assign group hotkey | 48 |  | 
| Basic commands | 9 |  | 
| Build / train | 196 |  | 
| Enter build submenu | 79 |  | 
| Enter hero's abilities submenu | 20 |  | 
| Right click | 1761 |  | 
| Select / deselect | 1022 |  | 
| Select group hotkey | 1523 |  | 
| Use ability | 530 |  | 
                5188 total
 » units 
                
                | Peasant | 19 |  | 
| Dragonhawk Rider | 26 |  | 
| Gryphon Rider | 16 |  | 
| Priest | 4 |  | 
| Goblin Zeppelin | 1 |  | 
                66 total
 » upgrades
                
                | Masonry | 3 |  | 
| Armor | 3 |  | 
| Lumber Harvesting | 2 |  | 
| Magic Sentry | 1 |  | 
| Animal War Training | 1 |  | 
| Swords | 3 |  | 
| Storm Hammers | 1 |  | 
| Cloud | 1 |  | 
| Priest Training | 2 |  | 
                17 total
 » buildings
                
                | Altar of Kings | 1 |  | 
| Scout Tower | 143 |  | 
| Lumber Mill | 3 |  | 
| Farm | 11 |  | 
| Guard Tower | 74 |  | 
| Arcane Tower | 5 |  | 
| Arcane Vault | 1 |  | 
| Keep | 1 |  | 
| Blacksmith | 1 |  | 
| Gryphon Aviary | 4 |  | 
| Castle | 1 |  | 
| Arcane Sanctum | 1 |  | 
| Barracks | 1 |  | 
| Town Hall | 2 |  | 
                249 total
 » build order
                00:06 Altar of Kings
00:33 Scout Tower
00:35 Scout Tower
00:43 Lumber Mill
00:54 Farm
01:55 Scout Tower
01:57 Scout Tower
02:09 Scout Tower
02:10 Scout Tower
02:23 Guard Tower
03:11 Guard Tower
03:20 Guard Tower
03:38 Scout Tower
03:39 Scout Tower
03:47 Scout Tower
03:54 Farm
04:12 Guard Tower
04:19 Scout Tower
04:20 Scout Tower
04:22 Guard Tower
04:38 Scout Tower
04:39 Scout Tower
04:42 Guard Tower
04:49 Guard Tower
05:07 Guard Tower
05:12 Guard Tower
05:17 Arcane Tower
05:24 Scout Tower
05:28 Scout Tower
05:29 Scout Tower
05:34 Scout Tower
05:35 Scout Tower
05:41 Guard Tower
05:57 Guard Tower
06:03 Guard Tower
06:21 Guard Tower
06:24 Scout Tower
06:25 Scout Tower
06:29 Guard Tower
06:33 Scout Tower
06:34 Scout Tower
06:35 Scout Tower
06:36 Scout Tower
06:53 Guard Tower
07:07 Guard Tower
07:54 Guard Tower
08:04 Arcane Vault
08:05 Keep
08:12 Guard Tower
08:13 Guard Tower
08:27 Guard Tower
08:43 Farm
08:45 Farm
08:58 Scout Tower
09:01 Scout Tower
09:02 Scout Tower
09:03 Scout Tower
09:12 Scout Tower
09:13 Scout Tower
09:14 Scout Tower
09:31 Guard Tower
09:38 Farm
09:47 Guard Tower
09:55 Guard Tower
10:13 Guard Tower
10:22 Guard Tower
10:40 Guard Tower
10:57 Scout Tower
10:58 Scout Tower
11:01 Scout Tower
11:14 Scout Tower
11:15 Scout Tower
11:16 Scout Tower
11:21 Guard Tower
11:26 Blacksmith
11:53 Gryphon Aviary
12:01 Guard Tower
12:19 Lumber Mill
12:29 Guard Tower
12:33 Castle
12:54 Arcane Sanctum
13:18 Guard Tower
13:51 Guard Tower
15:16 Gryphon Aviary
15:21 Barracks
15:25 Scout Tower
16:54 Farm
16:56 Farm
17:34 Scout Tower
17:35 Scout Tower
17:36 Scout Tower
17:37 Scout Tower
18:11 Guard Tower
18:17 Arcane Tower
18:42 Scout Tower
18:43 Scout Tower
18:45 Arcane Tower
18:51 Scout Tower
18:52 Scout Tower
19:32 Scout Tower
19:39 Guard Tower
19:43 Arcane Tower
20:02 Guard Tower
20:07 Scout Tower
20:08 Scout Tower
20:48 Guard Tower
20:51 Farm
20:53 Farm
21:20 Scout Tower
21:21 Scout Tower
21:23 Arcane Tower
21:28 Scout Tower
21:29 Scout Tower
21:30 Scout Tower
21:32 Scout Tower
21:38 Farm
21:39 Farm
21:53 Guard Tower
22:36 Town Hall
22:40 Scout Tower
22:41 Scout Tower
22:42 Scout Tower
22:43 Scout Tower
23:35 Guard Tower
26:33 Scout Tower
26:33 Scout Tower
26:34 Scout Tower
26:34 Scout Tower
26:35 Scout Tower
26:35 Scout Tower
26:36 Scout Tower
26:37 Scout Tower
26:38 Scout Tower
26:39 Scout Tower
26:40 Scout Tower
28:45 Guard Tower
30:01 Guard Tower
30:04 Guard Tower
30:25 Scout Tower
30:26 Scout Tower
30:27 Scout Tower
30:29 Guard Tower
33:15 Scout Tower
33:16 Scout Tower
33:17 Scout Tower
33:17 Scout Tower
33:18 Scout Tower
33:19 Scout Tower
33:20 Scout Tower
33:20 Scout Tower
33:26 Guard Tower
34:00 Scout Tower
34:01 Scout Tower
34:02 Scout Tower
34:03 Scout Tower
34:04 Scout Tower
34:05 Scout Tower
34:13 Guard Tower
34:20 Guard Tower
35:05 Guard Tower
35:49 Guard Tower
36:22 Guard Tower
36:54 Guard Tower
36:57 Scout Tower
36:58 Scout Tower
36:59 Scout Tower
37:00 Scout Tower
37:01 Scout Tower
37:02 Scout Tower
37:28 Guard Tower
37:57 Guard Tower
41:51 Scout Tower
41:51 Scout Tower
41:52 Scout Tower
41:53 Scout Tower
41:54 Scout Tower
41:55 Scout Tower
47:24 Scout Tower
47:25 Scout Tower
47:26 Scout Tower
48:11 Guard Tower
48:25 Guard Tower
49:26 Guard Tower
49:35 Lumber Mill
52:41 Scout Tower
52:42 Scout Tower
53:11 Guard Tower
53:42 Guard Tower
53:44 Scout Tower
53:45 Scout Tower
54:13 Guard Tower
54:40 Guard Tower
54:45 Scout Tower
54:46 Scout Tower
55:31 Guard Tower
56:25 Guard Tower
56:27 Scout Tower
56:27 Scout Tower
56:29 Scout Tower
56:30 Scout Tower
57:18 Guard Tower
57:27 Guard Tower
57:57 Scout Tower
57:58 Scout Tower
57:59 Scout Tower
58:00 Scout Tower
58:01 Scout Tower
58:01 Scout Tower
58:02 Scout Tower
58:03 Scout Tower
58:07 Scout Tower
58:08 Scout Tower
58:08 Scout Tower
58:09 Scout Tower
58:10 Scout Tower
58:11 Scout Tower
58:13 Guard Tower
58:27 Guard Tower
58:41 Guard Tower
58:43 Guard Tower
58:51 Guard Tower
58:53 Guard Tower
59:19 Guard Tower
59:43 Scout Tower
59:43 Scout Tower
59:44 Scout Tower
59:45 Scout Tower
59:46 Scout Tower
59:47 Scout Tower
59:48 Scout Tower
59:48 Scout Tower
61:05 Guard Tower
61:24 Gryphon Aviary
61:28 Scout Tower
61:29 Scout Tower
61:30 Scout Tower
61:31 Scout Tower
61:32 Scout Tower
61:33 Scout Tower
61:35 Scout Tower
62:04 Town Hall
62:07 Guard Tower
63:03 Guard Tower
63:52 Guard Tower
67:47 Guard Tower
82:23 Scout Tower
82:24 Scout Tower
83:23 Guard Tower
85:51 Gryphon Aviary
» items
                
                | Healing Salve | 1 |  | 
| Orb of Lightning | 3 |  | 
| Scroll of Town Portal | 3 |  | 
| Staff of Sanctuary | 2 |  | 
                9 total
  
               
              
              
Rezifut (
blue | 86 APM | 8158 actions | 95:14)
              
 9 Tauren Chieftain 
 3 Shockwave
 3 Endurance Aura
 1 Reincarnation
 2 War Stomp
 5 Shadow Hunter 
 2 Hex
 3 Healing Wave
 
                » actions 
                
                | Assign group hotkey | 364 |  | 
| Basic commands | 1 |  | 
| Build / train | 206 |  | 
| ESC pressed | 3 |  | 
| Enter build submenu | 202 |  | 
| Enter hero's abilities submenu | 16 |  | 
| Give item / drop item | 4 |  | 
| Remove unit from queue | 4 |  | 
| Right click | 4546 |  | 
| Select / deselect | 904 |  | 
| Select group hotkey | 1324 |  | 
| Use ability | 584 |  | 
                8158 total
 » units 
                
                | Peon | 17 |  | 
| Troll Batrider | 112 |  | 
| Goblin Shredder | 3 |  | 
                132 total
 » upgrades
                
                | Reinforced Defenses | 1 |  | 
| Ranged Weapons | 3 |  | 
| Armor | 3 |  | 
| Spiked Barricades | 3 |  | 
| Liquid Fire | 1 |  | 
| Melee Weapons | 3 |  | 
| Troll Regeneration | 1 |  | 
                15 total
 » buildings
                
                | Altar of Storms | 1 |  | 
| Orc Burrow | 6 |  | 
| War Mill | 2 |  | 
| Watch Tower | 168 |  | 
| Voodoo Lounge | 2 |  | 
| Stronghold | 1 |  | 
| Fortress | 1 |  | 
| Beastiary | 2 |  | 
| Great Hall | 2 |  | 
| Barracks | 2 |  | 
                187 total
 » build order
                00:06 Altar of Storms
00:16 Orc Burrow
00:50 War Mill
02:13 Watch Tower
02:14 Watch Tower
02:36 Orc Burrow
02:44 Watch Tower
03:11 Watch Tower
03:36 Watch Tower
03:37 Watch Tower
03:52 Voodoo Lounge
04:00 Watch Tower
04:05 Voodoo Lounge
04:14 Watch Tower
04:26 Watch Tower
04:58 Watch Tower
05:01 Watch Tower
05:21 Watch Tower
06:03 Stronghold
06:28 Watch Tower
06:30 Watch Tower
06:38 Watch Tower
07:01 Watch Tower
07:04 Watch Tower
07:35 Watch Tower
07:37 Watch Tower
08:07 Watch Tower
08:12 Watch Tower
08:40 Watch Tower
08:44 Watch Tower
09:15 Fortress
09:39 Beastiary
10:07 Beastiary
10:22 Watch Tower
10:48 Orc Burrow
11:01 Watch Tower
11:49 Watch Tower
12:13 War Mill
12:22 Watch Tower
13:05 Watch Tower
13:23 Orc Burrow
14:01 Watch Tower
14:13 Watch Tower
14:39 Watch Tower
16:42 Watch Tower
17:34 Watch Tower
17:49 Watch Tower
18:42 Watch Tower
18:58 Watch Tower
19:48 Watch Tower
20:25 Watch Tower
20:29 Great Hall
20:35 Watch Tower
20:36 Watch Tower
20:37 Watch Tower
20:54 Watch Tower
21:29 Watch Tower
21:46 Watch Tower
21:47 Watch Tower
21:48 Watch Tower
22:20 Watch Tower
22:25 Watch Tower
22:37 Watch Tower
24:01 Watch Tower
24:02 Watch Tower
24:08 Watch Tower
25:25 Watch Tower
26:25 Watch Tower
26:26 Watch Tower
28:49 Watch Tower
29:30 Watch Tower
29:30 Watch Tower
29:36 Watch Tower
29:55 Watch Tower
31:21 Watch Tower
31:22 Watch Tower
31:23 Watch Tower
31:24 Watch Tower
31:54 Watch Tower
31:55 Watch Tower
32:22 Watch Tower
32:22 Watch Tower
32:25 Watch Tower
32:28 Watch Tower
32:35 Watch Tower
32:36 Watch Tower
32:40 Watch Tower
33:33 Barracks
33:56 Watch Tower
33:57 Watch Tower
33:58 Watch Tower
34:03 Watch Tower
35:28 Watch Tower
35:29 Watch Tower
35:30 Watch Tower
35:31 Watch Tower
35:31 Watch Tower
37:02 Watch Tower
37:02 Watch Tower
37:03 Watch Tower
37:06 Watch Tower
37:07 Watch Tower
37:37 Orc Burrow
38:21 Watch Tower
38:22 Watch Tower
38:38 Watch Tower
38:46 Orc Burrow
40:47 Watch Tower
40:48 Watch Tower
40:50 Watch Tower
41:06 Watch Tower
41:54 Watch Tower
42:37 Watch Tower
42:39 Watch Tower
42:47 Watch Tower
42:58 Watch Tower
43:43 Watch Tower
43:45 Watch Tower
44:20 Watch Tower
44:54 Watch Tower
44:55 Watch Tower
45:33 Watch Tower
45:55 Watch Tower
46:02 Watch Tower
46:52 Watch Tower
46:53 Watch Tower
46:55 Watch Tower
47:55 Watch Tower
47:56 Watch Tower
48:03 Watch Tower
48:06 Watch Tower
48:08 Watch Tower
48:09 Watch Tower
49:15 Watch Tower
49:17 Watch Tower
49:21 Watch Tower
49:22 Watch Tower
49:24 Watch Tower
50:34 Watch Tower
50:35 Watch Tower
50:36 Watch Tower
50:42 Watch Tower
50:45 Watch Tower
51:42 Watch Tower
51:52 Watch Tower
51:52 Watch Tower
52:25 Watch Tower
52:51 Watch Tower
53:10 Watch Tower
53:11 Watch Tower
53:17 Watch Tower
53:20 Watch Tower
54:15 Watch Tower
54:16 Watch Tower
54:28 Watch Tower
54:30 Watch Tower
54:33 Watch Tower
62:33 Watch Tower
62:34 Watch Tower
62:35 Watch Tower
62:35 Watch Tower
63:46 Watch Tower
63:47 Watch Tower
63:48 Watch Tower
63:49 Watch Tower
67:01 Barracks
70:02 Watch Tower
70:03 Watch Tower
70:04 Watch Tower
77:40 Watch Tower
77:40 Watch Tower
77:40 Watch Tower
77:41 Watch Tower
78:49 Watch Tower
78:49 Watch Tower
78:50 Watch Tower
78:53 Watch Tower
78:54 Watch Tower
81:24 Great Hall
85:00 Watch Tower
85:01 Watch Tower
85:02 Watch Tower
85:03 Watch Tower
85:04 Watch Tower
85:05 Watch Tower
85:07 Watch Tower
85:16 Watch Tower
» items
                
                | Scroll of Speed | 7 |  | 
| Lesser Clarity Potion | 12 |  | 
| Healing Salve | 6 |  | 
| Orb of Lightning | 1 |  | 
| Scroll of Town Portal | 3 |  | 
| Potion of Healing | 1 |  | 
| Wand of the Wind | 1 |  | 
| Runed Bracers | 1 |  | 
| Sobi Mask | 1 |  | 
| Robe of the Magi +6 | 1 |  | 
| Potion of Divinity | 1 |  | 
| Mana Stone | 1 |  | 
| Belt of Giant Strength +6 | 1 |  | 
                37 total
  
               team 2 (loser) 
              
              
Craw_ (
pink | 101 APM | 9644 actions | 95:13)
              
 8 Mountain King 
 3 Storm Bolt
 3 Bash
 1 Avatar
 1 Thunder Clap
 7 Paladin 
 3 Holy Light
 2 Devotion Aura
 1 Divine Shield
 1 Resurrection
 1 Dark Ranger 
 1 Black Arrow
 
                » actions 
                
                | Assign group hotkey | 2703 |  | 
| Basic commands | 34 |  | 
| Build / train | 177 |  | 
| ESC pressed | 12 |  | 
| Enter build submenu | 54 |  | 
| Enter hero's abilities submenu | 18 |  | 
| Give item / drop item | 1 |  | 
| Right click | 4533 |  | 
| Select / deselect | 1087 |  | 
| Select group hotkey | 684 |  | 
| Use ability | 341 |  | 
                9644 total
 » units 
                
                | Peasant | 28 |  | 
| Rifleman | 10 |  | 
| Mortar Team | 16 |  | 
| Flying Machine | 6 |  | 
| Siege Engine | 15 |  | 
| Dragonhawk Rider | 5 |  | 
| Goblin Shredder | 3 |  | 
| Troll Batrider | 2 |  | 
                85 total
 » upgrades
                
                | Gunpowder | 3 |  | 
| Masonry | 3 |  | 
| Long Rifles | 1 |  | 
| Fragmentation Shards | 1 |  | 
| Flare | 1 |  | 
| Barrage | 2 |  | 
| Flying Machine Bombs | 1 |  | 
| Flak Cannons | 1 |  | 
| Armor | 2 |  | 
| Plating | 3 |  | 
| Cloud | 1 |  | 
                19 total
 » buildings
                
                | Altar of Kings | 1 |  | 
| Farm | 14 |  | 
| Blacksmith | 1 |  | 
| Barracks | 1 |  | 
| Scout Tower | 12 |  | 
| Lumber Mill | 3 |  | 
| Guard Tower | 6 |  | 
| Arcane Vault | 2 |  | 
| Keep | 1 |  | 
| Castle | 1 |  | 
| Workshop | 4 |  | 
| Town Hall | 4 |  | 
| Gryphon Aviary | 2 |  | 
| Arcane Tower | 2 |  | 
                54 total
 » build order
                00:50 Altar of Kings
01:08 Farm
01:10 Farm
01:15 Blacksmith
01:27 Barracks
01:50 Farm
01:57 Farm
02:29 Farm
02:34 Scout Tower
02:54 Farm
02:56 Scout Tower
03:12 Farm
03:53 Farm
04:18 Lumber Mill
04:59 Farm
05:25 Guard Tower
05:55 Arcane Vault
07:01 Keep
09:24 Castle
09:28 Workshop
09:29 Workshop
10:44 Workshop
10:47 Workshop
11:58 Farm
11:59 Farm
17:19 Farm
19:53 Town Hall
20:03 Farm
20:04 Farm
33:30 Gryphon Aviary
33:34 Gryphon Aviary
42:38 Town Hall
46:22 Lumber Mill
46:37 Scout Tower
46:40 Scout Tower
47:25 Scout Tower
47:27 Scout Tower
47:28 Scout Tower
48:02 Guard Tower
48:03 Arcane Tower
48:05 Scout Tower
48:06 Scout Tower
48:38 Arcane Tower
48:39 Guard Tower
48:42 Scout Tower
48:44 Scout Tower
49:11 Guard Tower
49:14 Scout Tower
49:15 Guard Tower
50:53 Town Hall
50:56 Guard Tower
58:14 Arcane Vault
68:12 Town Hall
76:12 Lumber Mill
» items
                
                | Lesser Clarity Potion | 12 |  | 
| Scroll of Regeneration | 8 |  | 
| Orb of Fire | 2 |  | 
| Staff of Preservation | 2 |  | 
| Scroll of Town Portal | 5 |  | 
| Potion of Mana | 4 |  | 
| Potion of Healing | 4 |  | 
| Orb of Corruption | 1 |  | 
| Moonstone | 1 |  | 
| Stone Token | 1 |  | 
| Ice Shard | 1 |  | 
                41 total
  
               
              
              
DeadHero (
green | 53 APM | 4987 actions | 94:37)
              
 8 Death Knight 
 3 Death Coil
 3 Unholy Aura
 1 Animate Dead
 1 Death Pact
 9 Dreadlord 
 3 Sleep
 3 Vampiric Aura
 1 Inferno
 2 Carrion Swarm
 
                » actions 
                
                | Assign group hotkey | 72 |  | 
| Basic commands | 689 |  | 
| Build / train | 190 |  | 
| ESC pressed | 2 |  | 
| Enter build submenu | 82 |  | 
| Enter hero's abilities submenu | 17 |  | 
| Give item / drop item | 8 |  | 
| Remove unit from queue | 1 |  | 
| Right click | 1397 |  | 
| Select / deselect | 897 |  | 
| Select group hotkey | 1347 |  | 
| Use ability | 285 |  | 
                4987 total
 » units 
                
                | Acolyte | 20 |  | 
| Ghoul | 3 |  | 
| Crypt Fiend | 22 |  | 
| Forest Troll Shadow Priest | 1 |  | 
| Meatwagon | 3 |  | 
| Frost Wyrm | 38 |  | 
| Necromancer | 2 |  | 
| Gargoyle | 1 |  | 
                90 total
 » upgrades
                
                | Creature Attack | 3 |  | 
| Web | 1 |  | 
| Creature Carapace | 3 |  | 
| Freezing Breath | 1 |  | 
| Banshee Training | 2 |  | 
| Unholy Strength | 3 |  | 
| Unholy Armor | 3 |  | 
| Destroyer Form | 1 |  | 
                17 total
 » buildings
                
                | Graveyard | 1 |  | 
| Crypt | 1 |  | 
| Ziggurat | 65 |  | 
| Altar of Darkness | 1 |  | 
| Tomb of Relics | 1 |  | 
| Nerubian Tower | 11 |  | 
| Halls of the Dead | 2 |  | 
| Spirit Tower | 5 |  | 
| Black Citadel | 1 |  | 
| Slaughterhouse | 1 |  | 
| Sacrificial Pit | 1 |  | 
| Boneyard | 2 |  | 
| Temple of the Damned | 1 |  | 
| Necropolis | 4 |  | 
                97 total
 » build order
                00:06 Graveyard
00:08 Crypt
00:37 Ziggurat
00:55 Altar of Darkness
01:10 Tomb of Relics
01:31 Nerubian Tower
02:29 Ziggurat
04:07 Halls of the Dead
04:19 Nerubian Tower
05:04 Ziggurat
06:24 Spirit Tower
08:29 Black Citadel
09:23 Ziggurat
10:20 Slaughterhouse
11:03 Sacrificial Pit
11:54 Boneyard
12:41 Ziggurat
13:20 Boneyard
14:36 Ziggurat
14:37 Ziggurat
15:00 Temple of the Damned
20:30 Nerubian Tower
22:47 Spirit Tower
31:24 Necropolis
33:19 Ziggurat
33:21 Ziggurat
33:23 Ziggurat
33:25 Ziggurat
34:20 Nerubian Tower
40:32 Necropolis
42:52 Ziggurat
42:54 Ziggurat
42:55 Ziggurat
42:59 Nerubian Tower
44:02 Necropolis
44:47 Ziggurat
53:23 Nerubian Tower
56:26 Necropolis
56:28 Ziggurat
56:30 Ziggurat
56:32 Ziggurat
56:35 Ziggurat
56:36 Ziggurat
57:43 Nerubian Tower
61:48 Ziggurat
61:53 Ziggurat
61:57 Ziggurat
61:59 Ziggurat
62:00 Ziggurat
62:05 Ziggurat
62:07 Ziggurat
62:09 Ziggurat
62:10 Ziggurat
62:12 Ziggurat
62:13 Ziggurat
62:15 Ziggurat
62:56 Nerubian Tower
63:19 Spirit Tower
69:55 Ziggurat
70:03 Ziggurat
70:04 Ziggurat
70:06 Ziggurat
70:08 Ziggurat
70:10 Ziggurat
70:12 Ziggurat
70:15 Ziggurat
70:30 Ziggurat
70:32 Ziggurat
70:35 Ziggurat
70:38 Ziggurat
70:39 Ziggurat
70:40 Ziggurat
70:42 Ziggurat
70:44 Ziggurat
70:46 Ziggurat
70:50 Ziggurat
70:53 Ziggurat
70:56 Ziggurat
71:00 Ziggurat
72:23 Nerubian Tower
72:55 Spirit Tower
73:34 Nerubian Tower
76:20 Spirit Tower
77:33 Ziggurat
77:35 Ziggurat
77:37 Ziggurat
77:38 Ziggurat
77:40 Ziggurat
77:42 Ziggurat
77:44 Ziggurat
77:45 Ziggurat
81:00 Nerubian Tower
84:42 Nerubian Tower
89:42 Ziggurat
89:44 Ziggurat
89:45 Ziggurat
89:47 Ziggurat
» items
                
                | Dust of Appearance | 3 |  | 
| Rod of Necromancy | 1 |  | 
| Orb of Corruption | 6 |  | 
| Potion of Healing | 10 |  | 
| Potion of Mana | 5 |  | 
| Scroll of Town Portal | 12 |  | 
| Scroll of Healing | 6 |  | 
                43 total
  
               
              
              
Havi_Bear (
orange | 63 APM | 5572 actions | 88:45)
              
 7 Far Seer 
 3 Feral Spirit
 3 Chain Lighting
 1 Earth Quake
 8 Tauren Chieftain 
 3 Shockwave
 3 Endurance Aura
 1 Reincarnation
 1 War Stomp
 5 Pandaren Brewmaster 
 3 Breath of Fire
 1 Drunken Haze
 1 Drunken Brawler
 
                » actions 
                
                | Assign group hotkey | 114 |  | 
| Basic commands | 15 |  | 
| Build / train | 165 |  | 
| ESC pressed | 17 |  | 
| Enter build submenu | 66 |  | 
| Enter hero's abilities submenu | 22 |  | 
| Give item / drop item | 8 |  | 
| Remove unit from queue | 1 |  | 
| Right click | 2101 |  | 
| Select / deselect | 970 |  | 
| Select group hotkey | 1650 |  | 
| Use ability | 443 |  | 
                5572 total
 » units 
                
                | Peon | 30 |  | 
| Grunt | 4 |  | 
| Troll Batrider | 46 |  | 
| Wind Rider | 11 |  | 
| Tauren | 2 |  | 
| Demolisher | 1 |  | 
                94 total
 » upgrades
                
                | Ranged Weapons | 4 |  | 
| Envenomed Spears | 1 |  | 
| Armor | 3 |  | 
| Pulverize | 1 |  | 
| Reinforced Defenses | 1 |  | 
| Liquid Fire | 1 |  | 
| Spiked Barricades | 1 |  | 
| Ensnare | 1 |  | 
                13 total
 » buildings
                
                | Altar of Storms | 1 |  | 
| Orc Burrow | 8 |  | 
| Barracks | 1 |  | 
| Voodoo Lounge | 1 |  | 
| Stronghold | 1 |  | 
| Beastiary | 7 |  | 
| Fortress | 1 |  | 
| War Mill | 2 |  | 
| Tauren Totem | 2 |  | 
| Great Hall | 6 |  | 
| Watch Tower | 30 |  | 
                60 total
 » build order
                00:06 Altar of Storms
00:18 Orc Burrow
00:36 Barracks
01:34 Orc Burrow
02:01 Voodoo Lounge
03:09 Stronghold
03:44 Orc Burrow
05:40 Beastiary
05:41 Beastiary
05:49 Orc Burrow
06:43 Orc Burrow
07:59 Fortress
09:20 War Mill
10:41 Orc Burrow
10:42 Orc Burrow
14:00 Tauren Totem
14:21 Tauren Totem
21:51 Great Hall
22:34 Watch Tower
22:35 Watch Tower
22:37 Watch Tower
22:42 Watch Tower
25:52 Watch Tower
25:55 Watch Tower
25:56 Watch Tower
25:59 Watch Tower
26:05 Watch Tower
26:29 Beastiary
27:04 Watch Tower
27:10 Watch Tower
27:15 Watch Tower
27:21 Watch Tower
27:24 Watch Tower
27:27 Watch Tower
27:29 Watch Tower
28:41 Beastiary
28:42 Beastiary
28:44 Beastiary
28:48 Beastiary
34:21 War Mill
40:11 Watch Tower
40:12 Watch Tower
40:19 Watch Tower
42:11 Watch Tower
64:35 Orc Burrow
82:51 Watch Tower
82:54 Great Hall
83:36 Watch Tower
84:12 Great Hall
85:36 Great Hall
85:42 Watch Tower
85:43 Watch Tower
85:43 Watch Tower
85:44 Watch Tower
86:13 Great Hall
86:51 Watch Tower
86:52 Watch Tower
86:54 Watch Tower
86:56 Watch Tower
87:54 Great Hall
» items
                
                | Lesser Clarity Potion | 8 |  | 
| Healing Salve | 4 |  | 
| Scroll of Town Portal | 9 |  | 
| Orb of Lightning | 1 |  | 
| Potion of Mana | 2 |  | 
| Scroll of Speed | 4 |  | 
| Demonic Figurine | 2 |  | 
| Healing Wards | 1 |  | 
                31 total
  
               
              
              
Tlow-Sauron (
purple | 156 APM | 14745 actions | 94:39)
              
 9 Warden 
 2 Blink
 3 Shadow Strike
 1 Spirit of Vengeance
 3 Fan of Knives
 4 Demon Hunter 
 2 Mana Burn
 2 Evasion
 1 Death Knight 
 1 Death Pact
 
                » actions 
                
                | Assign group hotkey | 174 |  | 
| Basic commands | 634 |  | 
| Build / train | 223 |  | 
| ESC pressed | 32 |  | 
| Enter build submenu | 78 |  | 
| Enter hero's abilities submenu | 17 |  | 
| Give item / drop item | 3 |  | 
| Right click | 5228 |  | 
| Select / deselect | 2696 |  | 
| Select group hotkey | 4860 |  | 
| Use ability | 800 |  | 
                14745 total
 » units 
                
                | Wisp | 74 |  | 
| Huntress | 6 |  | 
| Chimaera | 11 |  | 
| Hippogryph | 6 |  | 
| Dryad | 9 |  | 
| Goblin Shredder | 1 |  | 
                107 total
 » upgrades
                
                | Corrosive Breath | 1 |  | 
| Ultravision | 1 |  | 
| Well Spring | 1 |  | 
| Strength of the Wild | 3 |  | 
| Reinforced Hides | 3 |  | 
| Nature's Blessing | 1 |  | 
| Backpack | 1 |  | 
| Moon Armor | 3 |  | 
| Strength of the Moon | 3 |  | 
| Abolish Magic | 1 |  | 
| Druid of the Claw Training | 1 |  | 
| Resistant Skin | 1 |  | 
| Hardened Skin | 1 |  | 
                21 total
 » buildings
                
                | Altar of Elders | 2 |  | 
| Moon Well | 22 |  | 
| Ancient of War | 3 |  | 
| Hunter's Hall | 3 |  | 
| Tree of Ages | 4 |  | 
| Ancient of Wonders | 6 |  | 
| Tree of Eternity | 3 |  | 
| Ancient of Wind | 1 |  | 
| Chimaera Roost | 2 |  | 
| Tree of Life | 13 |  | 
| Ancient of Lore | 6 |  | 
                65 total
 » build order
                00:10 Altar of Elders
00:17 Moon Well
01:50 Ancient of War
01:55 Hunter's Hall
02:08 Moon Well
02:30 Ancient of War
03:37 Tree of Ages
04:50 Moon Well
04:53 Ancient of Wonders
05:05 Moon Well
06:01 Tree of Eternity
06:28 Ancient of Wind
06:41 Moon Well
07:55 Ancient of War
08:25 Chimaera Roost
09:11 Chimaera Roost
10:50 Moon Well
10:53 Moon Well
10:54 Moon Well
10:57 Moon Well
10:58 Moon Well
11:52 Tree of Life
13:35 Tree of Life
14:17 Ancient of Wonders
29:46 Tree of Life
29:48 Tree of Life
30:12 Tree of Life
31:28 Ancient of Wonders
31:30 Ancient of Wonders
32:06 Ancient of Lore
32:07 Ancient of Lore
32:10 Ancient of Lore
32:11 Ancient of Lore
32:23 Ancient of Lore
32:24 Ancient of Lore
33:07 Moon Well
38:20 Hunter's Hall
44:03 Tree of Life
44:18 Ancient of Wonders
47:23 Tree of Life
47:47 Tree of Life
54:48 Moon Well
54:53 Moon Well
55:01 Moon Well
56:55 Tree of Life
57:03 Tree of Life
62:48 Hunter's Hall
76:29 Altar of Elders
76:40 Tree of Ages
77:05 Moon Well
77:06 Moon Well
77:07 Moon Well
77:08 Moon Well
77:08 Moon Well
78:37 Moon Well
79:45 Tree of Eternity
81:39 Tree of Life
81:40 Tree of Life
82:42 Tree of Life
85:28 Ancient of Wonders
87:04 Moon Well
94:38 Moon Well
» items
                
                | Scroll of Regeneration | 2 |  | 
| Lesser Clarity Potion | 2 |  | 
| Scroll of Town Portal | 22 |  | 
| Orb of Venom | 3 |  | 
| Anti-magic Potion | 10 |  | 
| Potion of Healing | 17 |  | 
| Potion of Mana | 6 |  | 
| Staff of Preservation | 1 |  | 
| Staff of Sanctuary | 1 |  | 
| Scroll of Healing | 1 |  | 
                65 total
  
                Chat log
          (00:14 / All) GOKUMaN69: u good?
(00:17 / Allies) Dexanth: One of the hus
(00:21 / Allies) Dexanth: send at least one peasant up heah
(01:04 / Allies) Dexanth: John militia a duder to us
(01:34 / All) GOKUMaN69: what race u good at?
(01:43 / All) MRPOPO-WNED: NIGGER
(01:49 / Allies) Dexanth: share up bros
(01:51 / All) Havi_Bear: U guys shoulda just quit now
(01:58 / All) Rezifut: ok
(02:00 / All) Rezifut: bye
(02:06 / All) Havi_Bear: c ya gg
(03:37 / Allies) Dexanth: tower him
(03:38 / Allies) Dexanth: john
(03:51 / Allies) Dexanth: just to stabilize
(04:21 / Allies) Dexanth: yes
(04:22 / Allies) Dexanth: always
(04:23 / Allies) Dexanth: go
(04:24 / Allies) Dexanth: arcane
(04:24 / Allies) Dexanth: first
(04:39 / Allies) Dexanth: You shouldnt
(04:40 / Allies) Dexanth: have
(04:42 / Allies) Dexanth: a lumber shortage
(05:37 / Allies) Dexanth: keep towering me
(05:40 / Allies) Dexanth: ill keep feeding
(05:54 / Allies) Dexanth: oh you have a dude thar
(07:15 / Allies) Dexanth: holy hell
(11:44 / Allies) Dexanth: that stupid
(11:45 / Allies) Dexanth: fuckin
(11:46 / Allies) Dexanth: mk
(11:48 / Allies) Dexanth: never runs out of mana
(12:37 / Allies) Dexanth: also if anyone wants best orb thar is
(12:42 / Allies) Dexanth: there are two shops
(15:48 / Allies) Dexanth: i need
(15:49 / Allies) Dexanth: help up here
(17:39 / Allies) Dexanth: Send two militia to me joh
(18:57 / Allies) Dexanth: expos opening up top
(19:38 / Allies) Dexanth: expo it
(19:52 / Allies) Dexanth: expo this 
(22:25 / Allies) Dexanth: get shredders
(23:42 / Allies) Dexanth: sto ptowering my ass
(23:44 / Allies) Dexanth: and tower my front
(24:09 / Allies) Dexanth: gold me
(25:03 / Allies) Dexanth: I need
(25:03 / Allies) Dexanth: gold
(25:04 / Allies) Dexanth: badly
(25:19 / Allies) Dexanth: and I need towers at my front
(25:32 / Allies) Dexanth: like seriously cripes
(25:34 / Allies) Dexanth: non human towers
(25:35 / Allies) Dexanth: blow
(26:46 / Allies) Dexanth: more gold
(26:54 / Allies) Dexanth: like 1k+
(28:29 / Allies) Dexanth: Gold
(28:32 / Allies) Dexanth: gonna try to get my mine again
(31:55 / Allies) Dexanth: Can I get a humie shop up here
(32:06 / Allies) Dexanth: I want some save staffs
(34:39 / Allies) Dexanth: let dk get that tome
(35:16 / Allies) Dexanth: yes
(35:43 / Allies) Dexanth: nope
(37:43 / Allies) Dexanth: cancel those
(40:22 / Allies) Dexanth: stats
(40:49 / Allies) Dexanth: retower it
(41:03 / Allies) Dexanth: and make a tower there
(41:07 / Allies) Dexanth: for speed tav usage
(41:42 / All) Craw_: MH MORE
(41:49 / All) Craw_: MH
(41:50 / All) Craw_: MH
(41:50 / All) Craw_: MH
(41:52 / All) Craw_: MH DETECTED
(42:10 / All) GOKUMaN69: presss alt F4 2 report
(42:15 / All) Craw_: OK
(44:11 / Allies) Dexanth: corruption orb
(44:18 / Allies) Dexanth: I want a purge
(44:33 / Allies) Dexanth: I dont have the cash for units
(45:22 / Allies) Dexanth: tower this up
(46:44 / Allies) Dexanth: rockin triple 6 now
(47:34 / All) Havi_Bear: ahahahaahah
(49:48 / Allies) Dexanth: need reinforcements
(49:56 / All) MRPOPO-WNED: BUGER BASS
(49:57 / All) MRPOPO-WNED: A
(50:54 / Allies) Dexanth: yea units for me are mostly useless
(51:16 / Allies) Dexanth: Going to keep 1 wyrm
(51:23 / Allies) Dexanth: at a time
(52:13 / All) Havi_Bear: Lol teal u really do mh
(53:06 / All) MRPOPO-WNED: BOB SAGGET
(53:07 / All) MRPOPO-WNED: CUM TITS
(53:35 / Allies) Dexanth: well lookie here
(53:45 / Allies) Dexanth: give them a warm welcome
(55:01 / Allies) Dexanth: AoE otw
(56:38 / Allies) Dexanth: he never
(56:40 / Allies) Dexanth: got truesight
(60:16 / Allies) Dexanth: WOOD
(60:17 / Allies) Dexanth: er
(60:18 / Allies) Dexanth: caps
(60:46 / Allies) Dexanth: why you hus
(60:48 / Allies) Dexanth: dont have mkls
(60:50 / Allies) Dexanth: boggles the mind
(62:26 / Allies) Dexanth: Yea back to being a skirmisher
(62:30 / Allies) Dexanth: so much more effective doing H&R
(63:18 / Allies) Dexanth: but srsly some mk stuns would be grand
(67:50 / Allies) Dexanth: I was skirmishing down south
(69:18 / Allies) Dexanth: I love how
(69:20 / Allies) Dexanth: this entire game
(69:24 / Allies) Dexanth: they have not thought to use shades
(69:24 / Allies) Dexanth: ever
(69:38 / Allies) Dexanth: I mean its true, we are maphacking
(69:54 / Allies) Dexanth: laff
(70:03 / Allies) Dexanth: gettin runed bracers on leech
(70:15 / Allies) Dexanth: haha
(70:17 / Allies) Dexanth: he got a dr
(70:18 / Allies) Dexanth: silence
(74:37 / Allies) Dexanth: that one was fun
(74:59 / Allies) Dexanth: meh, we win at this point
(75:01 / Allies) Dexanth: we're pushing em in
(75:51 / All) GOKUMaN69: TRASH
(75:52 / All) GOKUMaN69: RETARDS
(76:00 / Allies) MRPOPO-WNED: p
(76:02 / All) MRPOPO-WNED: pwnt
(76:09 / All) Tlow-Sauron: my allies
(76:14 / All) Tlow-Sauron: are too much noob
(76:14 / All) DeadHero: u guys play every game like this? the newb way..mass towers
(76:18 / All) Tlow-Sauron: >_<
(76:29 / All) GOKUMaN69: 1V1?
(76:33 / All) DeadHero: sure
(76:56 / All) DeadHero: what a long game
(77:01 / All) Dexanth: Bad manner nub
(77:06 / All) DeadHero: lol
(77:10 / All) DeadHero: chill
(78:02 / All) DeadHero: this game was wasted
(78:03 / All) DeadHero: omg
(78:04 / All) GOKUMaN69: owned much?
(78:05 / All) DeadHero: dam all towers
(78:08 / All) Rezifut: cuz you lost?
(78:14 / All) Rezifut: if you won you'd be saying something else
(78:21 / All) DeadHero: w.e
(78:26 / All) MRPOPO-WNED: IM UR REAL DAD
(78:26 / All) Rezifut: if its so long leave now
(78:28 / All) GOKUMaN69: did u learn somethin?
(78:29 / All) MRPOPO-WNED: I FUC UR MOM
(78:35 / All) Craw_: teal
(78:45 / All) GOKUMaN69: 1v1 teal noobz
(79:35 / Allies) Dexanth: wood
(79:39 / Allies) Dexanth: john
(79:41 / Allies) Dexanth: give me mad wood
(80:37 / All) GOKUMaN69: U still got some fite
(81:39 / All) GOKUMaN69: plz leave
(81:45 / All) GOKUMaN69: plx leave
(81:45 / All) MRPOPO-WNED: NIGGER DONGS
(82:37 / Allies) Dexanth: those bats
(83:18 / All) DeadHero: dam towers lol
(83:31 / All) Dexanth: You forgot damn undead heroes
(86:48 / Allies) Dexanth: wood from someone
(87:59 / Allies) Dexanth: bahahaha
(88:44 / All) Havi_Bear: Gg
(88:49 / All) MRPOPO-WNED: LOL
(88:57 / All) Tlow-Sauron: noob team
(89:01 / All) MRPOPO-WNED:  U R T3H PW3ND !!!!1111
(89:01 / All) DeadHero: red
(89:02 / All) GOKUMaN69: 1v1?
(89:04 / All) DeadHero: please can u let us win?
(89:05 / All) DeadHero: please please
(89:11 / All) DeadHero: can u let us win?
(89:15 / All) Rezifut: you guys dota players?
(89:16 / All) GOKUMaN69: no
(89:20 / All) Rezifut: need icon? i'll leave for that
(89:21 / All) DeadHero: yeah 
(89:26 / All) DeadHero: yah i need an icon 
(89:29 / All) Rezifut: its very important
(89:34 / All) DeadHero: thanks
(89:40 / Allies) Dexanth: triple 10
(89:54 / All) DeadHero: can u guys let us win please?
(90:02 / All) DeadHero: u guys are good u guys can win anyday
(90:14 / All) DeadHero: please
(90:47 / All) DeadHero: pls dun kill us
(91:03 / All) GOKUMaN69: leave
(91:08 / All) GOKUMaN69: asshat
(91:09 / All) Dexanth: Your tears are like music
(91:09 / All) DeadHero: yellow can u let us win please
(91:13 / All) Craw_: stomp VS dryad
(91:14 / All) Craw_: nice blue
(91:19 / Allies) Dexanth: he rezzed them AGAIN?!
(91:21 / All) Rezifut: 1v1?
(91:22 / All) DeadHero: please
(91:24 / All) DeadHero: common
(91:33 / All) GOKUMaN69: what in it for me?
(91:44 / All) Rezifut: pretty sure i would roll any of you in solo
(92:43 / All) DeadHero: aw
(92:44 / All) DeadHero: please
(92:45 / All) DeadHero: beg u guys
(92:51 / All) DeadHero: help us out just once
(92:54 / All) DeadHero: just this time pls red
(92:56 / All) DeadHero: pls yellow pls blue
(93:00 / All) DeadHero: please..
(93:00 / All) Rezifut: i was gonna
(93:05 / All) Dexanth: You didnt beg me
(93:07 / All) Dexanth: So too bad
(93:09 / All) Tlow-Sauron: dONT GIVE A CRAP MAN
(93:10 / All) DeadHero: please teal
(93:16 / All) Tlow-Sauron: MY NOOB PARTNERS
(93:17 / All) DeadHero: aw please...
(93:22 / All) Dexanth: You taverned your heroes purple
(93:23 / All) DeadHero: can u let us win please
(93:24 / All) Dexanth: So many times
(93:27 / All) Tlow-Sauron: DIDNT DO A FUCKING GOOD THING
(93:29 / All) Tlow-Sauron: T.T
(93:36 / All) Dexanth: Yes cause they are nuke fodder
(93:36 / All) DeadHero: please
(93:37 / All) Tlow-Sauron: oRC WAS SOO NOOB
(93:45 / All) Tlow-Sauron: U'RE NOOBS 2
(93:47 / All) DeadHero: please
(93:48 / All) Tlow-Sauron: TOO NOOBS
(93:50 / All) Dexanth: All of you who stopped buying tp scrolls
(93:54 / All) Dexanth: were being bad
(93:59 / All) Tlow-Sauron: MAN...
(94:00 / All) Craw_: teal
(94:01 / All) DeadHero: I was buying it always
(94:02 / All) Craw_: you mh so bad
(94:06 / All) Dexanth: PS
(94:07 / All) Rezifut: lol
(94:08 / All) Dexanth: Haha
(94:09 / All) Rezifut: he does
(94:09 / All) Tlow-Sauron: IF HE KNOW HOW TO MICRO AT LEAST
(94:11 / All) Dexanth: Undead
(94:12 / All) Rezifut: he has shades everywhere
(94:13 / All) Dexanth: Have this unit
(94:15 / All) Dexanth: Called a shade
(94:18 / All) Dexanth: And it is invislbe
(94:20 / All) Dexanth: And has truesight
(94:21 / All) DeadHero: teal is the worst player...not us...
(94:21 / All) Tlow-Sauron: YOU'D BE FUCKED
(94:22 / All) Dexanth: ANd I have about 8
(94:34 / All) DeadHero: BULLSHIT SUCK MY COCK NO LIFERS 
(94:34 / All) DeadHero: NERD
(94:39 / All) Dexanth: Bahahaha
(94:41 / All) Craw_: lol
(94:44 / All) Craw_: green is funny
(94:45 / All) Dexanth: He is
(94:46 / All) Dexanth: GG
(95:11 / All) GOKUMaN69: no liver
(95:12 / All) Craw_: GG :D